 Dungeon Crawl Stone Soup version 0.17.1-2-g5865329 (webtiles) character file.

107 ololoev the Chopper (level 4, 14/35 HPs)
             Began as a Demonspawn Fighter on Feb 16, 2016.
             Quit the game on level 4 of the Dungeon.
             The game lasted 00:05:30 (623 turns).

ololoev the Chopper (Demonspawn Fighter)             Turns: 623, Time: 00:05:31

Health: 14/35      AC:  8    Str: 17    XL:     4   Next: 57%
Magic:  4/4        EV:  6    Int:  9    God:
Gold:   37         SH:  8    Dex: 13    Spells: 0 memorised, 3 levels left

rFire  . . .     SeeInvis .     a - +0 war axe
rCold  . . .     Clarity  .     b - +0 scale mail
rNeg   . . .     SustAt   .     c - +0 shield
rPois  .         Gourm    .     (helmet restricted)
rElec  .         Spirit   .     (no cloak)
rCorr  .         Warding  .     k - +0 pair of gloves
rMut   .         Stasis   .     (no boots)
MR     .....                    (no amulet)
Stlth  ..........               (no ring)
                                h - ring of flight

@: not resistant to hostile enchantments, extremely unstealthy
A: horns 1
a: Evoke Flight


Innate Abilities, Weirdness & Mutations

You have a pair of small horns on your head.

Inventory:

Hand Weapons
 a - a +0 war axe (weapon)
Armour
 b - a +0 scale mail (worn)
 c - a +0 shield (worn)
 k - a +0 pair of gloves (worn)
Jewellery
 h - a ring of flight (left hand)
Scrolls
 f - a scroll of identify {unknown}
Potions
 i - a potion of flight
Comestibles
 d - a chunk of flesh
 e - 2 bread rations


   Skills:
 - Level 3.0 Fighting
 * Level 3.6 Axes
 + Level 3.6 Armour
 - Level 2.6 Shields


You had 3 spell levels left.
You didn't know any spells.


You were on level 4 of the Dungeon.
You were not hungry.

You visited 1 branch of the dungeon, and saw 5 of its levels.

You collected 37 gold pieces.

#. #.# ##.. #... .
#... # ...#...###.#
.......g.#.# #...W...#
#...#@### #
.......#.########.#
########........#.#
#......#.....#
#.#........## #.
..............##...##.
#####.........##...##.
.........#..##...##.
##########..###....#

Notes
Turn   | Place    | Note
--------------------------------------------------------------
     0 | D:1      | ololoev the Demonspawn Fighter began the quest for the Orb.
     0 | D:1      | Reached XP level 1. HP: 18/18 MP: 1/1
    90 | D:1      | Gained mutation: You have a pair of small horns on your head. [demonic ancestry]
    90 | D:1      | Reached XP level 2. HP: 21/24 MP: 2/2
   335 | D:5      | Entered Level 5 of the Dungeon
   405 | D:4      | Reached XP level 3. HP: 27/29 MP: 3/3
   544 | D:5      | Found a sparkling altar of Nemelex Xobeh.
   555 | D:5      | Reached XP level 4. HP: 9/35 MP: 4/4
   615 | D:4      | Noticed Yermak's ghost (weakling SpBe)
   623 | D:4      | Quit the game

Dungeon Overview and Level Annotations

Branches:
Dungeon (5/15)
 Temple: D:4-7

Altars:
Nemelex Xobeh

Annotations:
D:4 Yermak's ghost, weakling SpBe


Message History

Anything else - Stay silent.
You shout for attention!
You block the giant cockroach's attack.
You barely miss the giant cockroach. The giant cockroach bites you.
You block the giant cockroach's attack.
You slash the giant cockroach!
You kill the giant cockroach!
You feel a little less mighty now.
You are starting to lose your buoyancy.
You feel a little less agile now.
Found a papyrus book.
g - a book of Summonings You drop a book of Summonings.
You float gracefully downwards.
A giant newt comes into view.
The giant newt completely misses you. The giant newt closely misses you.
You closely miss the giant newt. Your headbutt misses the giant newt.
The giant newt bites you but does no damage.
You block the giant newt's attack.
You closely miss the giant newt. Your headbutt misses the giant newt.
The giant newt bites you.
You miss the giant newt. You block the giant newt's attack.
You slash the giant newt!
You kill the giant newt!
No target in view!
Yermak's ghost (weakling Spriggan Berserker) comes into view.
Yermak's ghost turns its malevolent gaze towards you.
Drink which item? (? for menu, Esc to quit)
It was a potion of cure mutation.
It has a very clean taste.
Yermak's ghost hits you.
You completely miss Yermak's ghost.
You block Yermak's ghost's attack. 3 gnolls come into view.
You closely miss Yermak's ghost.
The gnoll shouts! x3
Your headbutt misses Yermak's ghost. Yermak's ghost hits you!
Yermak's ghost hits you but does no damage.
You miss Yermak's ghost. Your headbutt misses Yermak's ghost.
You block Yermak's ghost's attack. Yermak's ghost hits you!
You completely miss Yermak's ghost. You block Yermak's ghost's attack.
Are you sure you want to abandon this character and quit the game? (Confirm with "yes".)

You could see Yermak's ghost and a gnoll.

Vanquished Creatures
  A centaur zombie (D:5)
  A centaur skeleton (D:4)
  An adder (D:5)
  An adder skeleton (D:4)
  A worm (D:4)
  2 orcs (D:4)
  2 bats
  2 giant cockroaches
  2 hobgoblins
  3 kobolds
  2 ball pythons (D:2)
  7 giant newts
  5 goblins
  3 jackals (D:2)
  A rat (D:1)
34 creatures vanquished.

Action                   |  1- 3 |  4- 6 || total
-------------------------+-------+-------++-------
Melee: War axe           |    71 |    11 ||    82
  Use: Potion            |     1 |     4 ||     5

Vault maps used:
D:1:      dpeg_arrival_erosion
D:2:      minmay_misc_feat_columns, minmay_newt_pond
D:5:      kennysheep_mini_moat, gammafunk_temple_overflow_statue, first_bread,
          basic_altar, hangedman_decor_push, st_stairs_8, serial_park_tiny_pond,
          grunt_dithmenos_smoke_and_mirrors
